Jets vs Hurricanes

Created - March 13 2012 at 17:06

Goals
1 2 3 T
Jets 2 0 3 5
Hurricanes 1 2 0 3
Shots
1 2 3 T
Jets 10 8 20 38
Hurricanes 6 18 5 29

Period #1

1. Jets , Daniel Sedin 38 (Erik Cole, Alex Goligoski) at 2:13
2. Hurricanes , Pierre-Alexandre Parenteau 18 (Anton Volchenkov) at 2:29
3. Jets , Cam Fowler 9 (Andy McDonald) at 6:16 (PP)

Penalties :
Matt Cooke (CAR) for Tripping (Minor) at 5:48, Matt Greene (CAR) for Tripping (Minor) at 11:53

Period #2

4. Hurricanes , Ryan Wilson 5 (Jarome Iginla, Joffrey Lupul) at 16:47 (PP)
5. Hurricanes , Jarome Iginla 49 (Anton Stralman) at 19:47

Penalties :
Alex Goligoski (WPG) for Slashing (Minor) at 0:03, Victor Hedman (WPG) for Hooking (Minor) at 3:27, Martin Hanzal (WPG) for Interference (Minor) at 6:28, Victor Hedman (WPG) for Hooking (Minor) at 7:52, Matt Cooke (CAR) for Holding (Minor) at 13:21, Victor Hedman (WPG) for High sticking (Minor) at 16:41

Period #3

6. Jets , Henrik Sedin 23 (Alex Goligoski, Erik Cole) at 0:29
7. Jets , Victor Hedman 4 (Henrik Sedin, Daniel Sedin) at 11:41
8. Jets , Clarke MacArthur 19 (Andy McDonald, Cam Fowler) at 19:05

Penalties :
Matt Cooke (CAR) for Fighting (Major) at 3:12, Martin Hanzal (WPG) for Fighting (Major) at 3:12, Darroll Powe (CAR) for Hooking (Minor) at 7:07

Goalie Stats

Ilya Bryzgalov (WPG), 26 saves from 29 shots - (0.897), W, 35-25-7, 60:00 minutes
Scott Clemmensen (CAR), 33 saves from 38 shots - (0.868), L, 8-12-3, 60:00 minutes

Players Stats

Jets
Player Name              G  A  P  +/- PIM S  H  SB FO    MP 
------------------------------------------------------------
Alex Goligoski           0  2  2   2  2   1  0  1  0/0   17 
Andy McDonald            0  2  2   0  0   5  0  1  17/27 20 
Blake Comeau             0  0  0   0  0   1  2  0  0/0   14 
Cam Fowler               1  1  2   0  0   3  2  3  0/0   21 
Carlo Colaiacovo         0  0  0   0  0   0  1  0  0/0   6  
Clarke MacArthur         1  0  1   0  0   6  3  0  0/0   21 
Dainius Zubrus           0  0  0   0  0   0  0  0  0/0   6  
Daniel Sedin             1  1  2   2  0   5  0  0  1/1   14 
Erik Cole                0  2  2   2  0   1  5  1  2/7   19 
Henrik Sedin             1  1  2   2  0   6  0  1  9/23  20 
Jaroslav Spacek          0  0  0   0  0   0  0  1  0/0   14 
Mark Giordano            0  0  0   0  0   0  1  1  0/0   21 
Martin Erat              0  0  0   0  0   1  1  0  1/3   18 
Martin Hanzal            0  0  0   0  7   5  2  0  18/25 19 
Nathan Gerbe             0  0  0   0  0   0  0  1  0/0   14 
Nick Schultz             0  0  0   0  0   2  0  1  0/0   19 
Tyler Ennis              0  0  0   0  0   1  0  0  0/1   7  
Victor Hedman            1  0  1   2  6   1  2  2  0/0   21 
Hurricanes
Player Name              G  A  P  +/- PIM S  H  SB FO    MP 
------------------------------------------------------------
Anton Stralman           0  1  1  -1  0   1  1  2  0/0   20 
Anton Volchenkov         0  1  1  -1  0   0  1  1  0/0   19 
Colby Armstrong          0  0  0  -1  0   2  0  0  0/0   16 
Darroll Powe             0  0  0  -1  2   1  0  1  6/24  19 
Eric Staal               0  0  0  -1  0   2  0  1  12/20 17 
Jan Hejda                0  0  0   0  0   4  0  1  0/0   21 
Jarome Iginla            1  1  2  -1  0   6  1  1  7/8   23 
Joffrey Lupul            0  1  1   0  0   3  1  0  1/3   20 
John Mitchell            0  0  0   0  0   0  0  0  0/0   1  
Matt Cooke               0  0  0  -1  9   3  1  1  0/0   18 
Matt Greene              0  0  0  -1  2   0  5  2  0/0   16 
Mike Lundin              0  0  0  -1  0   0  0  2  0/0   18 
Mike Weber               0  0  0   0  0   0  2  0  0/0   19 
Patrick Eaves            0  0  0   0  0   1  1  0  0/0   16 
Patrik Elias             0  0  0   0  0   2  0  0  11/30 21 
Pierre-Alexandre Parente 1  0  1  -1  0   3  2  0  1/1   22 
Ryan Wilson              1  0  1   0  0   1  0  0  0/0   4  
Sean Avery               0  0  0   0  0   0  0  0  1/1   3  

3 Stars

1 - Erik Cole (WPG)
2 - Henrik Sedin (WPG)
3 - Daniel Sedin (WPG)

Power Play

Jets - 1 on 4 Attempt(s) - 25.00%
Hurricanes - 1 on 5 Attempt(s) - 20.00%

Penalty Kill

Jets - 4 on 5 Attempt(s) - 80.00% - Score 0 goal in Penalty Kill
Hurricanes - 3 on 4 Attempt(s) - 75.00% - Score 0 goal in Penalty Kill

Game Notes

Martin Hanzal beats up Matt Cooke at 3:12 of 3rd period

Finance

Level 1 -- Attendance: 5655 (94.25%) -- Ticket Income $508,950.00
Level 2 -- Attendance: 3679 (73.58%) -- Ticket Income $202,345.00
Level 3 -- Attendance: 2910 (83.14%) -- Ticket Income $101,850.00
Level 4 -- Attendance: 2914 (90.22%) -- Ticket Income $55,366.00
Luxury Box -- Attendance: 1000 (100.00%) -- Ticket Income $185,000.00
Game was played at the RBC Center
Total Attendance: 16158 (86.27%)
Total Ticket Income: $1,066,532.00
Other Income: $201,036.60
Total Income: $1,267,569.00


Play by Play

Period #1

0:01 of 1st period - Eric Staal wins face-off versus Erik Cole in neutral zone.
0:32 of 1st period - Shot by Erik Cole.
0:32 of 1st period - Shot Misses the Net.
0:34 of 1st period - Shot by Henrik Sedin.
0:34 of 1st period - Stopped by Scott Clemmensen without a rebound.
0:35 of 1st period - Patrik Elias wins face-off versus Andy McDonald in Hurricanes zone.
0:35 of 1st period - Patrik Elias is hit by Clarke MacArthur.
0:48 of 1st period - Patrick Eaves is hit by Cam Fowler and loses puck.
1:13 of 1st period - Shot by Clarke MacArthur.
1:13 of 1st period - Stopped by Scott Clemmensen without a rebound.
1:14 of 1st period - Martin Hanzal wins face-off versus Darroll Powe in Hurricanes zone.
1:51 of 1st period - Shot by Blake Comeau.
1:51 of 1st period - Shot Blocked by Mike Lundin.
1:55 of 1st period - Shot by Blake Comeau.
1:55 of 1st period - Shot Misses the Net.
2:09 of 1st period - Shot by Alex Goligoski.
2:09 of 1st period - Shot Misses the Net.
2:11 of 1st period - Shot by Erik Cole.
2:11 of 1st period - Shot Misses the Net.
2:13 of 1st period - Shot by Daniel Sedin.
2:13 of 1st period - Goal by Daniel Sedin - Jets : 1 - Hurricanes : 0.
2:14 of 1st period - Eric Staal wins face-off versus Andy McDonald in neutral zone.
2:29 of 1st period - Shot by Pierre-Alexandre Parenteau.
2:29 of 1st period - Goal by Pierre-Alexandre Parenteau - Jets : 1 - Hurricanes : 1.
2:30 of 1st period - Patrik Elias wins face-off versus Henrik Sedin in neutral zone.
2:35 of 1st period - Shot by Patrik Elias.
2:35 of 1st period - Shot Misses the Net.
2:38 of 1st period - Icing by Alex Goligoski.
2:39 of 1st period - Daniel Sedin wins face-off versus Jarome Iginla in Jets zone.
2:46 of 1st period - Shot by Erik Cole.
2:46 of 1st period - Shot Misses the Net.
2:50 of 1st period - Shot by Henrik Sedin.
2:50 of 1st period - Stopped by Scott Clemmensen with a rebound.
3:32 of 1st period - Shot by Cam Fowler.
3:32 of 1st period - Shot Misses the Net.
3:34 of 1st period - Shot by Andy McDonald.
3:34 of 1st period - Deflect By Clarke MacArthur.
3:34 of 1st period - Shot Misses the Net.
3:36 of 1st period - Shot by Clarke MacArthur.
3:36 of 1st period - Stopped by Scott Clemmensen with a rebound.
3:38 of 1st period - Shot by Nick Schultz.
3:38 of 1st period - Shot Misses the Net.
3:42 of 1st period - Shot by Martin Erat.
3:42 of 1st period - Deflect By Andy McDonald.
3:42 of 1st period - Shot Misses the Net.
3:46 of 1st period - Shot by Cam Fowler.
3:46 of 1st period - Shot Hit the Post.
3:48 of 1st period - Shot by Cam Fowler.
3:48 of 1st period - Shot Misses the Net.
5:45 of 1st period - Shot by Patrick Eaves.
5:45 of 1st period - Stopped by Ilya Bryzgalov without a rebound.
5:46 of 1st period - Andy McDonald wins face-off versus Darroll Powe in Jets zone.
5:48 of 1st period - Minor Penalty to Matt Cooke for Tripping.
5:49 of 1st period - Andy McDonald wins face-off versus Darroll Powe in Hurricanes zone.
6:14 of 1st period - Shot by Cam Fowler.
6:14 of 1st period - Shot Misses the Net.
6:16 of 1st period - Shot by Cam Fowler.
6:16 of 1st period - Goal by Cam Fowler - Jets : 2 - Hurricanes : 1.
6:17 of 1st period - Darroll Powe wins face-off versus Martin Hanzal in neutral zone.
7:10 of 1st period - Icing by Carlo Colaiacovo.
7:11 of 1st period - Martin Hanzal wins face-off versus Patrik Elias in Jets zone.
7:30 of 1st period - Shot by Jan Hejda.
7:30 of 1st period - Stopped by Ilya Bryzgalov with a rebound.
8:27 of 1st period - Shot by Blake Comeau.
8:27 of 1st period - Shot Misses the Net.
9:13 of 1st period - Off-side.
9:14 of 1st period - Sean Avery wins face-off versus Andy McDonald in neutral zone.
10:07 of 1st period - Shot by Patrik Elias.
10:07 of 1st period - Stopped by Ilya Bryzgalov without a rebound.
10:08 of 1st period - Martin Hanzal wins face-off versus Patrik Elias in Jets zone.
11:02 of 1st period - Alex Goligoski is hit by Pierre-Alexandre Parenteau and loses puck.
11:53 of 1st period - Minor Penalty to Matt Greene for Tripping.
11:54 of 1st period - Andy McDonald wins face-off versus Darroll Powe in Hurricanes zone.
12:40 of 1st period - Icing by Henrik Sedin.
12:41 of 1st period - Jarome Iginla wins face-off versus Henrik Sedin in Jets zone.
12:42 of 1st period - Shot by Jan Hejda.
12:42 of 1st period - Stopped by Ilya Bryzgalov with a rebound.
16:29 of 1st period - Shot by Andy McDonald.
16:29 of 1st period - Deflect By Clarke MacArthur.
16:29 of 1st period - Shot Misses the Net.
16:41 of 1st period - Shot by Jarome Iginla.
16:41 of 1st period - Shot Blocked by Nick Schultz.
16:48 of 1st period - Icing by Cam Fowler.
16:49 of 1st period - Andy McDonald wins face-off versus Patrik Elias in Jets zone.
17:08 of 1st period - Shot by Martin Hanzal.
17:08 of 1st period - Stopped by Scott Clemmensen with a rebound.
17:10 of 1st period - Shot by Martin Hanzal.
17:10 of 1st period - Shot Misses the Net.
17:18 of 1st period - Shot by Tyler Ennis.
17:18 of 1st period - Stopped by Scott Clemmensen without a rebound.
17:19 of 1st period - Martin Hanzal wins face-off versus Darroll Powe in Hurricanes zone.
17:20 of 1st period - Shot by Daniel Sedin.
17:20 of 1st period - Stopped by Scott Clemmensen with a rebound.
17:22 of 1st period - Shot by Alex Goligoski.
17:22 of 1st period - Shot Blocked by Darroll Powe.
17:24 of 1st period - Shot by Daniel Sedin.
17:24 of 1st period - Stopped by Scott Clemmensen without a rebound.
17:25 of 1st period - Eric Staal wins face-off versus Henrik Sedin in Hurricanes zone.
18:06 of 1st period - Pierre-Alexandre Parenteau is hit by Mark Giordano and loses puck.
18:43 of 1st period - Shot by Matt Cooke.
18:43 of 1st period - Stopped by Ilya Bryzgalov without a rebound.
18:44 of 1st period - Patrik Elias wins face-off versus Martin Erat in Jets zone.
18:44 of 1st period - Patrik Elias is hit by Cam Fowler.
19:21 of 1st period - Shot by Andy McDonald.
19:21 of 1st period - Deflect By Clarke MacArthur.
19:21 of 1st period - Shot Misses the Net.
19:36 of 1st period - Icing by Cam Fowler.
19:37 of 1st period - Andy McDonald wins face-off versus Darroll Powe in Jets zone.

Period #2

0:01 of 2nd period - Eric Staal wins face-off versus Henrik Sedin in neutral zone.
0:03 of 2nd period - Minor Penalty to Alex Goligoski for Slashing.
0:04 of 2nd period - Henrik Sedin wins face-off versus Patrik Elias in Jets zone.
0:44 of 2nd period - Off-side.
0:45 of 2nd period - Darroll Powe wins face-off versus Henrik Sedin in neutral zone.
0:58 of 2nd period - Shot by Ryan Wilson.
0:58 of 2nd period - Shot Blocked by Cam Fowler.
1:00 of 2nd period - Shot by Darroll Powe.
1:00 of 2nd period - Deflect By Joffrey Lupul.
1:00 of 2nd period - Stopped by Ilya Bryzgalov without a rebound.
1:01 of 2nd period - Martin Hanzal wins face-off versus Darroll Powe in Jets zone.
1:25 of 2nd period - Shot by Joffrey Lupul.
1:25 of 2nd period - Deflect By Pierre-Alexandre Parenteau.
1:25 of 2nd period - Stopped by Ilya Bryzgalov without a rebound.
1:26 of 2nd period - Henrik Sedin wins face-off versus Patrik Elias in Jets zone.
1:37 of 2nd period - Victor Hedman is hit by Matt Cooke.
1:59 of 2nd period - Shot by Jan Hejda.
1:59 of 2nd period - Shot Misses the Net.
2:23 of 2nd period - Shot by Blake Comeau.
2:23 of 2nd period - Shot Misses the Net.
2:27 of 2nd period - Shot by Blake Comeau.
2:27 of 2nd period - Shot Blocked by Matt Greene.
2:51 of 2nd period - Mark Giordano is hit by Jarome Iginla and loses puck.
3:04 of 2nd period - Shot by Eric Staal.
3:04 of 2nd period - Stopped by Ilya Bryzgalov with a rebound.
3:06 of 2nd period - Shot by Jarome Iginla.
3:06 of 2nd period - Stopped by Ilya Bryzgalov without a rebound.
3:07 of 2nd period - Andy McDonald wins face-off versus Patrik Elias in Jets zone.
3:13 of 2nd period - Shot by Mike Weber.
3:13 of 2nd period - Shot Misses the Net.
3:15 of 2nd period - Shot by Jan Hejda.
3:15 of 2nd period - Stopped by Ilya Bryzgalov without a rebound.
3:16 of 2nd period - Eric Staal wins face-off versus Henrik Sedin in Jets zone.
3:18 of 2nd period - Jarome Iginla is hit by Victor Hedman and loses puck.
3:27 of 2nd period - Minor Penalty to Victor Hedman for Hooking.
3:28 of 2nd period - Patrik Elias wins face-off versus Henrik Sedin in Jets zone.
3:53 of 2nd period - Shot by Jarome Iginla.
3:53 of 2nd period - Shot Misses the Net.
4:03 of 2nd period - Shot by Clarke MacArthur.
4:03 of 2nd period - Stopped by Scott Clemmensen without a rebound.
4:04 of 2nd period - Henrik Sedin wins face-off versus Joffrey Lupul in Hurricanes zone.
4:11 of 2nd period - Cam Fowler is hit by Pierre-Alexandre Parenteau and loses puck.
4:55 of 2nd period - Icing by Colby Armstrong.
4:56 of 2nd period - Patrik Elias wins face-off versus Martin Hanzal in Hurricanes zone.
6:16 of 2nd period - Shot by Matt Cooke.
6:16 of 2nd period - Shot Blocked by Victor Hedman.
6:18 of 2nd period - Shot by Matt Cooke.
6:18 of 2nd period - Stopped by Ilya Bryzgalov without a rebound.
6:19 of 2nd period - Martin Hanzal wins face-off versus Patrik Elias in Jets zone.
6:28 of 2nd period - Minor Penalty to Martin Hanzal for Interference.
6:29 of 2nd period - Erik Cole wins face-off versus Darroll Powe in Jets zone.
6:35 of 2nd period - Icing by Darroll Powe.
6:36 of 2nd period - Darroll Powe wins face-off versus Erik Cole in Hurricanes zone.
6:36 of 2nd period - Darroll Powe is hit by Erik Cole.
7:17 of 2nd period - Shot by Pierre-Alexandre Parenteau.
7:17 of 2nd period - Stopped by Ilya Bryzgalov with a rebound.
7:21 of 2nd period - Shot by Jarome Iginla.
7:21 of 2nd period - Shot Misses the Net.
7:23 of 2nd period - Shot by Jan Hejda.
7:23 of 2nd period - Shot Blocked by Alex Goligoski.
7:47 of 2nd period - Shot by Eric Staal.
7:47 of 2nd period - Shot Misses the Net.
7:49 of 2nd period - Shot by Sean Avery.
7:49 of 2nd period - Shot Blocked by Victor Hedman.
7:52 of 2nd period - Minor Penalty to Victor Hedman for Hooking.
7:53 of 2nd period - Patrik Elias wins face-off versus Tyler Ennis in Jets zone.
8:02 of 2nd period - Shot by Jan Hejda.
8:02 of 2nd period - Stopped by Ilya Bryzgalov without a rebound.
8:03 of 2nd period - Darroll Powe wins face-off versus Erik Cole in Jets zone.
8:06 of 2nd period - Shot by Anton Stralman.
8:06 of 2nd period - Stopped by Ilya Bryzgalov without a rebound.
8:07 of 2nd period - Patrik Elias wins face-off versus Erik Cole in Jets zone.
8:08 of 2nd period - Shot by Matt Cooke.
8:08 of 2nd period - Shot Blocked by Erik Cole.
8:10 of 2nd period - Shot by Matt Cooke.
8:10 of 2nd period - Deflect By Jarome Iginla.
8:10 of 2nd period - Stopped by Ilya Bryzgalov without a rebound.
8:11 of 2nd period - Darroll Powe wins face-off versus Henrik Sedin in Jets zone.
9:21 of 2nd period - Shot by Erik Cole.
9:21 of 2nd period - Shot Blocked by Matt Cooke.
9:25 of 2nd period - Shot by Henrik Sedin.
9:25 of 2nd period - Stopped by Scott Clemmensen without a rebound.
9:26 of 2nd period - Patrik Elias wins face-off versus Martin Hanzal in Hurricanes zone.
9:28 of 2nd period - Jarome Iginla is hit by Martin Hanzal and loses puck.
10:03 of 2nd period - Shot by Matt Cooke.
10:03 of 2nd period - Deflect By Darroll Powe.
10:03 of 2nd period - Shot Misses the Net.
10:07 of 2nd period - Shot by Matt Cooke.
10:07 of 2nd period - Shot Misses the Net.
10:11 of 2nd period - Shot by Colby Armstrong.
10:11 of 2nd period - Stopped by Ilya Bryzgalov without a rebound.
10:12 of 2nd period - Eric Staal wins face-off versus Martin Hanzal in Jets zone.
10:50 of 2nd period - Anton Volchenkov is hit by Martin Hanzal.
11:46 of 2nd period - Shot by Joffrey Lupul.
11:46 of 2nd period - Stopped by Ilya Bryzgalov without a rebound.
11:47 of 2nd period - Darroll Powe wins face-off versus Andy McDonald in Jets zone.
11:58 of 2nd period - Shot by Jarome Iginla.
11:58 of 2nd period - Stopped by Ilya Bryzgalov without a rebound.
11:59 of 2nd period - Jarome Iginla wins face-off versus Andy McDonald in Jets zone.
12:00 of 2nd period - Shot by Matt Cooke.
12:00 of 2nd period - Shot Misses the Net.
12:02 of 2nd period - Shot by Mike Lundin.
12:02 of 2nd period - Shot Blocked by Cam Fowler.
12:08 of 2nd period - Shot by Darroll Powe.
12:08 of 2nd period - Stopped by Ilya Bryzgalov with a rebound.
12:14 of 2nd period - Shot by Jarome Iginla.
12:14 of 2nd period - Deflect By Matt Cooke.
12:14 of 2nd period - Shot Blocked by Andy McDonald.
12:20 of 2nd period - Shot by Jarome Iginla.
12:20 of 2nd period - Shot Blocked by Cam Fowler.
12:22 of 2nd period - Shot by Matt Cooke.
12:22 of 2nd period - Stopped by Ilya Bryzgalov without a rebound.
12:23 of 2nd period - Martin Hanzal wins face-off versus Patrik Elias in Jets zone.
12:23 of 2nd period - Martin Hanzal is hit by Patrick Eaves.
13:21 of 2nd period - Minor Penalty to Matt Cooke for Holding.
13:22 of 2nd period - Jarome Iginla wins face-off versus Henrik Sedin in Hurricanes zone.
13:30 of 2nd period - Off-side.
13:31 of 2nd period - Jarome Iginla wins face-off versus Andy McDonald in neutral zone.
13:31 of 2nd period - Jarome Iginla is hit by Clarke MacArthur.
13:57 of 2nd period - Shot by Cam Fowler.
13:57 of 2nd period - Shot Misses the Net.
13:59 of 2nd period - Shot by Cam Fowler.
13:59 of 2nd period - Stopped by Scott Clemmensen with a rebound.
14:03 of 2nd period - Shot by Andy McDonald.
14:03 of 2nd period - Deflect By Martin Erat.
14:03 of 2nd period - Stopped by Scott Clemmensen without a rebound.
14:04 of 2nd period - Jarome Iginla wins face-off versus Henrik Sedin in Hurricanes zone.
14:59 of 2nd period - Patrik Elias is hit by Clarke MacArthur and loses puck.
15:16 of 2nd period - Shot by Andy McDonald.
15:16 of 2nd period - Stopped by Scott Clemmensen without a rebound.
15:17 of 2nd period - Henrik Sedin wins face-off versus Darroll Powe in Hurricanes zone.
15:18 of 2nd period - Shot by Alex Goligoski.
15:18 of 2nd period - Stopped by Scott Clemmensen with a rebound.
15:20 of 2nd period - Shot by Nick Schultz.
15:20 of 2nd period - Stopped by Scott Clemmensen without a rebound.
15:21 of 2nd period - Martin Hanzal wins face-off versus Eric Staal in Hurricanes zone.
15:26 of 2nd period - Shot by Martin Hanzal.
15:26 of 2nd period - Stopped by Scott Clemmensen without a rebound.
15:27 of 2nd period - Martin Hanzal wins face-off versus Darroll Powe in Hurricanes zone.
15:33 of 2nd period - Matt Cooke is hit by Blake Comeau and loses puck.
16:41 of 2nd period - Minor Penalty to Victor Hedman for High sticking.
16:42 of 2nd period - Pierre-Alexandre Parenteau wins face-off versus Erik Cole in Jets zone.
16:45 of 2nd period - Shot by Jarome Iginla.
16:45 of 2nd period - Shot Misses the Net.
16:47 of 2nd period - Shot by Ryan Wilson.
16:47 of 2nd period - Goal by Ryan Wilson - Jets : 2 - Hurricanes : 2.
16:48 of 2nd period - Eric Staal wins face-off versus Andy McDonald in neutral zone.
17:21 of 2nd period - Off-side.
17:22 of 2nd period - Henrik Sedin wins face-off versus Patrik Elias in neutral zone.
17:57 of 2nd period - Patrick Eaves is hit by Erik Cole and loses puck.
18:21 of 2nd period - Off-side.
18:22 of 2nd period - Eric Staal wins face-off versus Andy McDonald in neutral zone.
18:40 of 2nd period - Off-side.
18:41 of 2nd period - Martin Hanzal wins face-off versus Darroll Powe in neutral zone.
18:45 of 2nd period - Off-side.
18:46 of 2nd period - Martin Hanzal wins face-off versus Darroll Powe in neutral zone.
18:48 of 2nd period - Mark Giordano is hit by Matt Greene.
18:59 of 2nd period - Icing by Mike Lundin.
19:00 of 2nd period - Andy McDonald wins face-off versus Darroll Powe in Hurricanes zone.
19:00 of 2nd period - Clarke MacArthur is hit by Matt Greene.
19:27 of 2nd period - Shot by Darroll Powe.
19:27 of 2nd period - Shot Misses the Net.
19:29 of 2nd period - Shot by Colby Armstrong.
19:29 of 2nd period - Stopped by Ilya Bryzgalov without a rebound.
19:30 of 2nd period - Henrik Sedin wins face-off versus Eric Staal in Jets zone.
19:45 of 2nd period - Shot by Jarome Iginla.
19:45 of 2nd period - Shot Blocked by Henrik Sedin.
19:47 of 2nd period - Shot by Jarome Iginla.
19:47 of 2nd period - Goal by Jarome Iginla - Jets : 2 - Hurricanes : 3.
19:48 of 2nd period - Martin Hanzal wins face-off versus Patrik Elias in neutral zone.
19:48 of 2nd period - Blake Comeau is hit by Joffrey Lupul and loses puck.

Period #3

0:01 of 3rd period - Eric Staal wins face-off versus Henrik Sedin in neutral zone.
0:25 of 3rd period - Shot by Erik Cole.
0:25 of 3rd period - Shot Blocked by Eric Staal.
0:29 of 3rd period - Shot by Henrik Sedin.
0:29 of 3rd period - Goal by Henrik Sedin - Jets : 3 - Hurricanes : 3.
0:30 of 3rd period - Andy McDonald wins face-off versus Patrik Elias in neutral zone.
0:41 of 3rd period - Shot by Martin Erat.
0:41 of 3rd period - Shot Misses the Net.
0:43 of 3rd period - Shot by Andy McDonald.
0:43 of 3rd period - Stopped by Scott Clemmensen without a rebound.
0:44 of 3rd period - Martin Hanzal wins face-off versus Darroll Powe in Hurricanes zone.
0:51 of 3rd period - Shot by Martin Hanzal.
0:51 of 3rd period - Stopped by Scott Clemmensen without a rebound.
0:52 of 3rd period - Andy McDonald wins face-off versus Patrik Elias in Hurricanes zone.
1:05 of 3rd period - Shot by Patrick Eaves.
1:05 of 3rd period - Shot Misses the Net.
2:14 of 3rd period - Shot by Henrik Sedin.
2:14 of 3rd period - Deflect By Daniel Sedin.
2:14 of 3rd period - Shot Blocked by Anton Stralman.
2:41 of 3rd period - Icing by Anton Volchenkov.
2:42 of 3rd period - Martin Hanzal wins face-off versus Eric Staal in Hurricanes zone.
3:12 of 3rd period - Martin Hanzal beats up Matt Cooke.
3:12 of 3rd period - Penalty to Matt Cooke for Fighting.
3:12 of 3rd period - Penalty to Martin Hanzal for Fighting.
3:13 of 3rd period - Andy McDonald wins face-off versus Darroll Powe in Jets zone.
3:25 of 3rd period - Clarke MacArthur is hit by Matt Greene and loses puck.
3:28 of 3rd period - Shot by Andy McDonald.
3:28 of 3rd period - Stopped by Scott Clemmensen without a rebound.
3:29 of 3rd period - Andy McDonald wins face-off versus Patrik Elias in Hurricanes zone.
4:00 of 3rd period - Icing by Mike Weber.
4:01 of 3rd period - Patrik Elias wins face-off versus Henrik Sedin in Hurricanes zone.
4:01 of 3rd period - Patrik Elias is hit by Erik Cole.
4:06 of 3rd period - Joffrey Lupul is hit by Erik Cole and loses puck.
4:12 of 3rd period - Off-side.
4:13 of 3rd period - Andy McDonald wins face-off versus Darroll Powe in neutral zone.
5:17 of 3rd period - Shot by Eric Staal.
5:17 of 3rd period - Shot Misses the Net.
5:23 of 3rd period - Shot by Blake Comeau.
5:23 of 3rd period - Stopped by Scott Clemmensen without a rebound.
5:24 of 3rd period - Erik Cole wins face-off versus Patrik Elias in Hurricanes zone.
5:48 of 3rd period - Jan Hejda is hit by Carlo Colaiacovo and loses puck.
7:07 of 3rd period - Minor Penalty to Darroll Powe for Hooking.
7:08 of 3rd period - Henrik Sedin wins face-off versus Patrik Elias in Hurricanes zone.
7:31 of 3rd period - Jan Hejda is hit by Erik Cole.
7:38 of 3rd period - Icing by Daniel Sedin.
7:39 of 3rd period - Henrik Sedin wins face-off versus Eric Staal in Jets zone.
7:57 of 3rd period - Icing by Mark Giordano.
7:58 of 3rd period - Andy McDonald wins face-off versus Patrik Elias in Jets zone.
8:09 of 3rd period - Shot by Andy McDonald.
8:09 of 3rd period - Deflect By Martin Erat.
8:09 of 3rd period - Shot Misses the Net.
8:21 of 3rd period - Shot by Cam Fowler.
8:21 of 3rd period - Stopped by Scott Clemmensen without a rebound.
8:22 of 3rd period - Jarome Iginla wins face-off versus Martin Hanzal in Hurricanes zone.
8:41 of 3rd period - Shot by Erik Cole.
8:41 of 3rd period - Stopped by Scott Clemmensen with a rebound.
8:43 of 3rd period - Shot by Martin Hanzal.
8:43 of 3rd period - Stopped by Scott Clemmensen without a rebound.
8:44 of 3rd period - Joffrey Lupul wins face-off versus Martin Erat in Hurricanes zone.
9:28 of 3rd period - Carlo Colaiacovo is hit by Mike Weber and loses puck.
10:00 of 3rd period - Shot by Martin Hanzal.
10:00 of 3rd period - Stopped by Scott Clemmensen with a rebound.
11:25 of 3rd period - Shot by Erik Cole.
11:25 of 3rd period - Shot Blocked by Anton Stralman.
11:31 of 3rd period - Shot by Henrik Sedin.
11:31 of 3rd period - Stopped by Scott Clemmensen with a rebound.
11:37 of 3rd period - Shot by Henrik Sedin.
11:37 of 3rd period - Shot Misses the Net.
11:39 of 3rd period - Shot by Henrik Sedin.
11:39 of 3rd period - Shot Misses the Net.
11:41 of 3rd period - Shot by Victor Hedman.
11:41 of 3rd period - Goal by Victor Hedman - Jets : 4 - Hurricanes : 3.
11:42 of 3rd period - Martin Hanzal wins face-off versus Patrik Elias in neutral zone.
11:52 of 3rd period - Shot by Joffrey Lupul.
11:52 of 3rd period - Stopped by Ilya Bryzgalov without a rebound.
11:53 of 3rd period - Eric Staal wins face-off versus Andy McDonald in Jets zone.
11:59 of 3rd period - Martin Erat is hit by Anton Volchenkov and loses puck.
12:04 of 3rd period - Shot by Nick Schultz.
12:04 of 3rd period - Stopped by Scott Clemmensen with a rebound.
12:06 of 3rd period - Shot by Clarke MacArthur.
12:06 of 3rd period - Shot Blocked by Jarome Iginla.
12:08 of 3rd period - Shot by Nick Schultz.
12:08 of 3rd period - Shot Misses the Net.
12:10 of 3rd period - Shot by Andy McDonald.
12:10 of 3rd period - Shot Blocked by Anton Volchenkov.
12:12 of 3rd period - Shot by Andy McDonald.
12:12 of 3rd period - Stopped by Scott Clemmensen with a rebound.
12:14 of 3rd period - Shot by Andy McDonald.
12:14 of 3rd period - Shot Misses the Net.
12:16 of 3rd period - Shot by Andy McDonald.
12:16 of 3rd period - Stopped by Scott Clemmensen without a rebound.
12:17 of 3rd period - Patrik Elias wins face-off versus Martin Hanzal in Hurricanes zone.
12:17 of 3rd period - Joffrey Lupul is hit by Blake Comeau and loses puck.
12:23 of 3rd period - Nathan Gerbe is hit by Mike Weber and loses puck.
12:47 of 3rd period - Icing by Jaroslav Spacek.
12:48 of 3rd period - Martin Hanzal wins face-off versus Eric Staal in Jets zone.
13:04 of 3rd period - Icing by Jaroslav Spacek.
13:05 of 3rd period - Martin Hanzal wins face-off versus Eric Staal in Jets zone.
13:31 of 3rd period - Shot by Jarome Iginla.
13:31 of 3rd period - Stopped by Ilya Bryzgalov without a rebound.
13:32 of 3rd period - Andy McDonald wins face-off versus Patrik Elias in Jets zone.
13:34 of 3rd period - Icing by Nick Schultz.
13:35 of 3rd period - Andy McDonald wins face-off versus Darroll Powe in Jets zone.
13:39 of 3rd period - Off-side.
13:40 of 3rd period - Andy McDonald wins face-off versus Patrik Elias in neutral zone.
13:51 of 3rd period - Shot by Andy McDonald.
13:51 of 3rd period - Shot Blocked by Jan Hejda.
14:03 of 3rd period - Patrik Elias is hit by Martin Erat and loses puck.
14:49 of 3rd period - Shot by Daniel Sedin.
14:49 of 3rd period - Shot Blocked by Matt Greene.
14:53 of 3rd period - Shot by Daniel Sedin.
14:53 of 3rd period - Stopped by Scott Clemmensen without a rebound.
14:54 of 3rd period - Martin Hanzal wins face-off versus Eric Staal in Hurricanes zone.
14:58 of 3rd period - Icing by Anton Volchenkov.
14:59 of 3rd period - Eric Staal wins face-off versus Martin Hanzal in Hurricanes zone.
15:29 of 3rd period - Shot by Eric Staal.
15:29 of 3rd period - Stopped by Ilya Bryzgalov with a rebound.
15:31 of 3rd period - Shot by Eric Staal.
15:31 of 3rd period - Shot Blocked by Jaroslav Spacek.
15:33 of 3rd period - Shot by Eric Staal.
15:33 of 3rd period - Shot Misses the Net.
15:37 of 3rd period - Shot by Eric Staal.
15:37 of 3rd period - Shot Blocked by Nathan Gerbe.
16:09 of 3rd period - Shot by Joffrey Lupul.
16:09 of 3rd period - Deflect By Patrik Elias.
16:09 of 3rd period - Shot Misses the Net.
16:11 of 3rd period - Shot by Mike Weber.
16:11 of 3rd period - Shot Blocked by Mark Giordano.
16:21 of 3rd period - Shot by Patrik Elias.
16:21 of 3rd period - Shot Misses the Net.
16:45 of 3rd period - Off-side.
16:46 of 3rd period - Martin Erat wins face-off versus Eric Staal in neutral zone.
16:50 of 3rd period - Martin Erat is hit by Anton Stralman and loses puck.
17:02 of 3rd period - Shot by Jarome Iginla.
17:02 of 3rd period - Stopped by Ilya Bryzgalov without a rebound.
17:03 of 3rd period - Patrik Elias wins face-off versus Henrik Sedin in Jets zone.
17:05 of 3rd period - Joffrey Lupul is hit by Victor Hedman and loses puck.
17:10 of 3rd period - Shot by Patrick Eaves.
17:10 of 3rd period - Shot Misses the Net.
17:12 of 3rd period - Shot by Patrik Elias.
17:12 of 3rd period - Stopped by Ilya Bryzgalov without a rebound.
17:13 of 3rd period - Andy McDonald wins face-off versus Darroll Powe in Jets zone.
17:25 of 3rd period - Andy McDonald is hit by Matt Greene and loses puck.
17:34 of 3rd period - Shot by Martin Erat.
17:34 of 3rd period - Shot Blocked by Mike Lundin.
17:36 of 3rd period - Shot by Clarke MacArthur.
17:36 of 3rd period - Stopped by Scott Clemmensen with a rebound.
18:10 of 3rd period - Daniel Sedin is hit by Matt Greene and loses puck.
18:27 of 3rd period - Shot by Daniel Sedin.
18:27 of 3rd period - Shot Misses the Net.
18:31 of 3rd period - Shot by Daniel Sedin.
18:31 of 3rd period - Deflect By Henrik Sedin.
18:31 of 3rd period - Stopped by Scott Clemmensen with a rebound.
18:35 of 3rd period - Shot by Daniel Sedin.
18:35 of 3rd period - Shot Misses the Net.
18:37 of 3rd period - Shot by Daniel Sedin.
18:37 of 3rd period - Stopped by Scott Clemmensen without a rebound.
18:38 of 3rd period - Jarome Iginla wins face-off versus Andy McDonald in Hurricanes zone.
19:05 of 3rd period - Shot by Clarke MacArthur.
19:05 of 3rd period - Goal by Clarke MacArthur - Jets : 5 - Hurricanes : 3.
19:06 of 3rd period - Eric Staal wins face-off versus Henrik Sedin in neutral zone.
19:47 of 3rd period - Shot by Blake Comeau.
19:47 of 3rd period - Shot Misses the Net.
19:51 of 3rd period - Shot by Clarke MacArthur.
19:51 of 3rd period - Stopped by Scott Clemmensen without a rebound.
19:52 of 3rd period - Henrik Sedin wins face-off versus Joffrey Lupul in Hurricanes zone.


Output by the SimonT Hockey Simulator (STHS) for Stephane Roy -- Original Page W3C XHTML 1.0 Valid